[Event "360 One Wealth GP-3 2024"]
[Site "Mumbai"]
[Date "2024.02.08"]
[Round "4.9"]
[White "Sunil, Vaidya"]
[Black "Reyaansh Venkat"]
[Result "1-0"]
[ECO "D34"]
[WhiteElo "1402"]
[BlackElo "1201"]
[Annotator "NA RC"]
[PlyCount "91"]
[EventDate "2024.02.04"]
[EventType "swiss"]
[EventCountry "IND"]
[SourceTitle "playchess.com"]
[Source "ChessBase"]
[SourceQuality "1"]
[TimeControl "5400+30"]

1. d4 d5 2. Nf3 Nf6 3. g3 Bf5 4. Bg2 e6 5. O-O c5 6. c4 Nc6 7. cxd5 exd5 8. Nc3 Be7 9. Bg5 O-O 10. e3 h6 11. Bxf6 Bxf6 12. dxc5 Be6 13. Nd4 Nxd4 14. exd4 Qd7 15. Re1 Rac8 16. Rc1 Rfe8 17. b4 b6 18. Qd3 Bf5 19. Qd2 Be6 20. Re3 a5 21. a3 bxc5 22. bxc5 Rb8 23. Ne2 Qb5 24. h4 Qb2 25. Rc2 Qa1+ 26. Kh2 Bg4 27. Nc3 Rxe3 28. Qxe3 Qxa3 29. Nxd5 Qxe3 30. Nxe3 Bc8 31. d5 Ba6 32. Be4 a4 33. d6 a3 34. c6 Rb2 35. Rxb2 Bxb2 36. d7 Bf6 37. c7 g6 38. d8=Q+ Bxd8 39. cxd8=Q+ Kh7 40. Qa5 Bc8 41. Qxa3 Be6 42. Qf8 Bb3 43. Bd5 Bxd5 44. Nxd5 g5 45. h5 f5 46. Nf6# 1-0

[Event "360 One Wealth GP-3 2024"]
[Site "Mumbai"]
[Date "2024.02.08"]
[Round "4.10"]
[White "Jha Mayan S"]
[Black "Pawar Sohum"]
[Result "0-1"]
[ECO "B04"]
[WhiteElo "1051"]
[BlackElo "1442"]
[Annotator "NA RC"]
[PlyCount "120"]
[EventDate "2024.02.04"]
[EventType "swiss"]
[EventCountry "IND"]
[SourceTitle "playchess.com"]
[Source "ChessBase"]
[SourceQuality "1"]
[TimeControl "5400+30"]

1. e4 Nf6 2. e5 Nd5 3. d4 d6 4. Nf3 g6 5. c4 Nb6 6. h3 Nc6 7. Bf4 Bg7 8. exd6 cxd6 9. Nc3 O-O 10. d5 e5 11. Be3 Ne7 12. Be2 h6 13. Qd2 Kh7 14. O-O f5 15. h4 Nd7 16. Qd1 f4 17. Bd2 Nf5 18. h5 gxh5 19. g3 fxg3 20. fxg3 Nxg3 21. Qc2+ Kh8 22. Qg6 Nxe2+ 23. Nxe2 Qf6 24. Qxh5 Qf7 25. Qh2 Qg6+ 26. Kh1 Nf6 27. Nh4 Qe4+ 28. Kg1 Ng4 29. Qg2 Rxf1+ 30. Rxf1 Qxc4 31. Rc1 Qd3 32. Rxc8+ Rxc8 33. Qxg4 Rc4 34. Qh5 Rxh4 35. Qxh4 Qxd2 36. Qh3 Qe1+ 37. Kh2 Qxe2+ 38. Kh1 Qe4+ 39. Kg1 Qb1+ 40. Kh2 Qxb2+ 41. Kg1 Qa1+ 42. Kh2 Qxa2+ 43. Kg1 Qxd5 44. Qc8+ Bf8 45. Qxf8+ Qg8+ 46. Qxg8+ Kxg8 47. Kh2 a5 48. Kh3 a4 49. Kh4 a3 50. Kh5 Kg7 51. Kg4 Kg6 52. Kf3 a2 53. Ke4 a1=Q 54. Kd5 Qd4+ 55. Ke6 b5 56. Ke7 b4 57. Ke6 b3 58. Ke7 b2 59. Kf8 b1=Q 60. Kg8 Qb8# 0-1

[Event "360 One Wealth GP-3 2024"]
[Site "Mumbai"]
[Date "2024.02.08"]
[Round "4.12"]
[White "Dodhiya Punit"]
[Black "Lakshya Agrawal"]
[Result "1-0"]
[ECO "B13"]
[WhiteElo "1369"]
[BlackElo "1013"]
[Annotator "NA RC"]
[PlyCount "111"]
[EventDate "2024.02.04"]
[EventType "swiss"]
[EventCountry "IND"]
[SourceTitle "playchess.com"]
[Source "ChessBase"]
[SourceQuality "1"]
[TimeControl "5400+30"]

1. e4 c6 2. d4 d5 3. exd5 cxd5 4. Bd3 Nc6 5. c3 Nf6 6. Bf4 a6 7. Nd2 Bg4 8. Ngf3 e6 9. O-O Bd6 10. Bxd6 Qxd6 11. Qb3 b5 12. Rae1 O-O 13. Ne5 Nd7 14. Nxg4 b4 15. f4 Rab8 16. Qc2 f5 17. Ne5 Ndxe5 18. fxe5 Qe7 19. Re3 Rfc8 20. Nb3 bxc3 21. bxc3 Nb4 22. Qb1 Rxc3 23. Rc1 Nxa2 24. Rxc3 Nxc3 25. Qc2 Qb4 26. Bxf5 Ne2+ 27. Qxe2 exf5 28. Qxa6 f4 29. Rf3 Qe1+ 30. Qf1 Qe4 31. h4 h6 32. h5 Qc2 33. Qc1 Qe4 34. Rxf4 Qd3 35. Rf3 Qe4 36. Qe3 Qg4 37. Rh3 Rf8 38. Nd2 Qd1+ 39. Kh2 Qg4 40. e6 Re8 41. e7 Rxe7 42. Qxe7 Qf4+ 43. Rg3 g5 44. Qe6+ Kh7 45. Qg6+ Kh8 46. Qxh6+ Kg8 47. Qxg5+ Qxg5 48. Rxg5+ Kh7 49. Rg6 Kh8 50. Kg3 Kh7 51. Kf4 Kh8 52. Kf5 Kh7 53. Kf6 Kh8 54. Kf7 Kh7 55. g4 Kh8 56. Rh6# 1-0

[Event "360 One Wealth GP-3 2024"]
[Site "Mumbai"]
[Date "2024.02.09"]
[Round "5.1"]
[White "Bartakke, Amardeep S."]
[Black "Mishra Sanjeev"]
[Result "0-1"]
[ECO "C77"]
[WhiteElo "1961"]
[BlackElo "1683"]
[Annotator "TA"]
[PlyCount "104"]
[EventDate "2024.02.04"]
[EventType "swiss"]
[EventCountry "IND"]
[SourceTitle "playchess.com"]
[Source "ChessBase"]
[SourceQuality "1"]
[TimeControl "5400+30"]

1. e4 e5 2. Nf3 Nc6 3. Bb5 a6 4. Ba4 Nf6 5. Qe2 b5 6. Bb3 Bc5 7. c3 O-O 8. O-O d6 9. Rd1 Ba7 10. a4 Bd7 11. h3 h6 {[%emt 0:08:25] The position is equal.} 12. d3 Re8 13. Nbd2 Na5 14. Bc2 c5 15. Nf1 Be6 16. Be3 Qc7 17. Nh4 Nb3 18. Ra3 c4 19. Bxb3 cxb3 20. axb5 {[%emt 0:00:00] [#] Strongly threatening Rda1.} Bxe3 21. Nxe3 {[%emt 0:00:00] Threatens to win with Rda1.} axb5 22. Rxa8 Rxa8 23. Nhf5 Ra2 24. Rd2 Kh7 25. Qf3 Ra1+ 26. Kh2 Bxf5 27. Qxf5+ Kg8 28. g4 Ra2 ({Black should play} 28... b4 $15 29. c4 Nd7) 29. g5 $14 hxg5 30. Qxg5 Nh7 31. Qg1 (31. Qh4 $16) 31... Qd8 $11 32. Nd5 Qg5 $36 {[%emt 0:04:41][%mdl 2048] Black has good play.} 33. f4 Qxg1+ 34. Kxg1 exf4 35. Nxf4 {[%emt 0:00:57][%mdl 4096] Endgame. KRN-KRN} Ng5 36. Kf2 {[%emt 0:03:23] Inhibits Nf3.} Ne6 37. Ne2 Nc5 38. Ke3 Ra1 39. d4 ({White should try} 39. Nd4 $11 Re1+ 40. Re2) 39... Na4 40. Ng3 $2 {[%emt 0:01:58][%mdl 8192] This move loses the game for White.} ({Only move:} 40. Nf4 $1 $15) 40... Nb6 41. Rg2 (41. Kf3 {was necessary.}) 41... Nc4+ 42. Kf4 (42. Kf3 $142 Rb1 43. Nf5) 42... Rb1 $19 43. Nf5 g6 44. Ne7+ Kf8 45. Nc6 Nxb2 46. Nb4 Nc4 47. Nd3 Rf1+ 48. Kg5 Rf3 49. Nb2 Rxc3 {[%emt 0:00:09] And now ...Rc2 would win.} 50. d5 Rc2 51. Rxc2 bxc2 52. Nd3 {[%emt 0:00:01] [#]} b4 $1 {[%emt 0:00:18] Weighted Error Value: White=0.71/Black=0.18 (very precise) .  Loses game:     	White=1     	---        Mistake:       	White=4     	Black=1      Inaccurate:     	White=4     	Black=4      OK:         	White=9     	Black=12     Best:        	White=1     	Black=2} 0-1

[Event "360 One Wealth GP-3 2024"]
[Site "Mumbai"]
[Date "2024.02.09"]
[Round "5.2"]
[White "Arnav Mahesh Koli"]
[Black "Kapadi Yash"]
[Result "1-0"]
[ECO "B06"]
[WhiteElo "1755"]
[BlackElo "1626"]
[Annotator "NA RC"]
[PlyCount "81"]
[EventDate "2024.02.04"]
[EventType "swiss"]
[EventCountry "IND"]
[SourceTitle "playchess.com"]
[Source "ChessBase"]
[SourceQuality "1"]
[TimeControl "5400+30"]

1. e4 g6 2. d4 Bg7 3. c3 d5 4. e5 f6 5. f4 Nh6 6. Bd3 O-O 7. Nf3 Bg4 8. O-O c5 9. exf6 Bxf6 10. dxc5 Qc7 11. Be3 Nd7 12. Be2 Bxf3 13. Bxf3 e6 14. g4 Bg7 15. Qd2 g5 16. fxg5 Nf7 17. b4 a5 18. Bd4 Nfe5 19. Be2 Rxf1+ 20. Kxf1 axb4 21. cxb4 Rf8+ 22. Kg2 Ng6 23. Bxg7 Kxg7 24. Nc3 Nf4+ 25. Kh1 Qe5 26. Bb5 d4 27. Re1 Qxg5 28. Qxd4+ Nf6 29. Bc4 Kh6 30. Qd6 Rf7 31. Bxe6 Nxe6 32. Qxe6 Qxg4 33. Qxf7 Qf3+ 34. Kg1 Qxc3 35. Qe6 Kg7 36. Qe5 Qxb4 37. Rf1 Qg4+ 38. Kh1 Qe4+ 39. Qxe4 Nxe4 40. Rb1 Nxc5 41. Rb5 1-0

[Event "360 One Wealth GP-3 2024"]
[Site "Mumbai"]
[Date "2024.02.09"]
[Round "5.3"]
[White "Raghav, Srivathsav V"]
[Black "Kulkarni, Vikramaditya"]
[Result "0-1"]
[ECO "A43"]
[WhiteElo "2017"]
[BlackElo "2193"]
[Annotator "TA"]
[PlyCount "106"]
[EventDate "2024.02.04"]
[EventType "swiss"]
[EventCountry "IND"]
[SourceTitle "playchess.com"]
[Source "ChessBase"]
[SourceQuality "1"]
[TimeControl "5400+30"]

1. Nf3 Nf6 2. d4 c5 3. d5 b5 4. a4 Bb7 5. axb5 Bxd5 6. Bg5 {[%emt 0:05:05] Threatens to win with Bxf6.} Bb7 7. Nbd2 d6 8. e3 {[%emt 0:05:27] White is slightly better.} g6 9. Bxf6 exf6 10. Nb3 a6 11. bxa6 Nxa6 12. Bb5+ Ke7 13. Na5 Qb6 14. Nxb7 Qxb7 15. Be2 (15. Bc4 {looks sharper.} Nc7 16. Rxa8 Qxa8 17. O-O) 15... Bg7 16. O-O $36 {[%emt 0:00:49][%mdl 2048] White fights for an advantage.} Nc7 17. Rb1 f5 {[%emt 0:03:24][%cal Oa8b8] [#]} 18. b4 $1 cxb4 19. Nd4 Bxd4 $1 20. Bf3 Qb6 {[%emt 0:01:46] aiming for ...Bc3.} 21. Bxa8 (21. exd4 Rab8 $11) 21... Bc3 22. Bf3 (22. Bd5 $16) 22... Qb5 23. Qd3 Qxd3 $1 24. cxd3 d5 25. Rfc1 Kd6 26. Kf1 Ra8 27. e4 (27. g3 $11) 27... Ra2 (27... Ne6 $15) 28. exd5 (28. Bd1 $11) 28... Nb5 $15 ({Much weaker is} 28... Nxd5 29. Bd1 $11) 29. Rb3 {[%emt 0:00:38] Black keeps a firm grip on the game.} (29. Bd1 $15) 29... Nd4 $17 30. Rbb1 Nxf3 {[%emt 0:00:00] Black is much more active.} 31. gxf3 Kxd5 {[%emt 0:00:00][%mdl 4096] Endgame. KRR-KRB} 32. f4 Rd2 {[%emt 0:01:32][%mdl 1024] Black has strong compensation.} 33. Rd1 $2 {[%emt 0:01:41][%mdl 8192] [#]} (33. Re1 $17) 33... Rc2 $2 (33... Rxd1+ $1 $19 {is more deadly.} 34. Rxd1 b3) 34. Kg2 $2 (34. d4 $17) 34... Kd4 $19 35. Kf3 Ra2 36. h3 $2 (36. Rdc1 Kxd3 37. Rd1+ Rd2 38. Re1) 36... Ra3 37. Ke2 b3 {[%emt 0:00:04] White must now prevent ...Ra2+.} 38. Kf3 b2 39. Ke2 Ra1 40. Rf1 Ra6 41. Rfd1 Ra7 42. Kf3 (42. Rd2 $142 Bxd2 43. Kxd2) 42... Re7 43. Kg2 Re2 44. Kg3 Rc2 45. Kf3 Bd2 46. Ke2 Bxf4+ 47. Kf1 Rc1 (47... Kc3 $142 48. d4 Rc1) 48. Ke2 Rxb1 {[%emt 0:00:00] Black mates.} 49. Rxb1 Bc1 50. h4 h5 51. f4 Kc3 ({Worse is} 51... Bxf4 52. Rxb2 Kd5 53. Kf3 $11) 52. d4 Kxd4 53. Kd1 Ke4 {[%emt 0:00:17] Weighted Error Value: White=0.66/Black=0.46.  Loses game:     	White=2     	---        Missed win:     	---       	Black=1      Mistake:       	White=5     	Black=1      Inaccurate:     	White=3     	Black=3      OK:         	White=11    	Black=11     Best:        	White=2     	Black=4      Strong:       	---       	Black=2} 0-1

[Event "360 One Wealth GP-3 2024"]
[Site "Mumbai"]
[Date "2024.02.09"]
[Round "5.4"]
[White "Kherdekar Arnav"]
[Black "Kush Ajay Agarwal"]
[Result "1-0"]
[ECO "C63"]
[WhiteElo "1693"]
[BlackElo "1458"]
[Annotator "NA RC"]
[PlyCount "139"]
[EventDate "2024.02.04"]
[EventType "swiss"]
[EventCountry "IND"]
[SourceTitle "playchess.com"]
[Source "ChessBase"]
[SourceQuality "1"]
[TimeControl "5400+30"]

1. e4 e5 2. Nf3 Nc6 3. Bb5 f5 4. d3 fxe4 5. dxe4 Nf6 6. O-O Bc5 7. Bc4 d6 8. Ng5 Bg4 9. Qd3 Qe7 10. Bf7+ Kd7 11. Bc4 h6 12. Nf3 Raf8 13. c3 Nh5 14. Ne1 Qh4 15. Be3 Nf4 16. Qd2 Bb6 17. Bxb6 axb6 18. f3 Bh5 19. g3 Nh3+ 20. Kg2 Bxf3+ 21. Nxf3 Qxe4 22. Qe2 Qg4 23. Nxe5+ Nxe5 24. Qxg4+ Nxg4 25. Kxh3 Ne3 26. Rxf8 Rxf8 27. Nd2 Rf2 28. Re1 Rxd2 29. Rxe3 Rxb2 30. Bb3 b5 31. Rf3 Ke8 32. Bd5 b4 33. Bxb7 bxc3 34. Bc6+ Ke7 35. a4 c2 36. Rc3 Ra2 37. Bd5 Rxa4 38. Rxc7+ Kf6 39. Rxc2 h5 40. Rf2+ Kg5 41. Rd2 Ra6 42. Bc4 Rb6 43. Rd5+ Kh6 44. Bb5 g6 45. Kg2 Rb8 46. h4 Rd8 47. Bd3 Rd7 48. Rg5 Rg7 49. Kf3 Rf7+ 50. Ke3 Rf6 51. Kd4 Re6 52. Bb1 Rf6 53. Kd5 Kg7 54. Kc6 Re6 55. Kd7 Rf6 56. Be4 d5 57. Bxd5 Kf8 58. Be4 Kf7 59. Bxg6+ Kg7 60. Bxh5+ Kh7 61. Bg6+ Kh6 62. Be8 Kh7 63. h5 Ra6 64. Re5 Ra7+ 65. Ke6 Rg7 66. Bg6+ Kh6 67. g4 Ra7 68. g5+ Kg7 69. Kf5 Ra1 70. h6+ 1-0

[Event "360 One Wealth GP-3 2024"]
[Site "Mumbai"]
[Date "2024.02.09"]
[Round "5.5"]
[White "Joglekar, Abhijit"]
[Black "Soni Deepak R"]
[Result "0-1"]
[ECO "A57"]
[WhiteElo "1502"]
[BlackElo "1445"]
[Annotator "NA RC"]
[PlyCount "106"]
[EventDate "2024.02.04"]
[EventType "swiss"]
[EventCountry "IND"]
[SourceTitle "playchess.com"]
[Source "ChessBase"]
[SourceQuality "1"]
[TimeControl "5400+30"]

1. d4 Nf6 2. c4 c5 3. d5 b5 4. cxb5 a6 5. b6 g6 6. Nc3 Qxb6 7. g3 Bg7 8. Bg2 d6 9. e4 Nbd7 10. Nf3 O-O 11. O-O a5 12. Qc2 Ba6 13. Re1 Ng4 14. Bf1 Nge5 15. Nxe5 Nxe5 16. Kg2 c4 17. Be3 Qb7 18. Red1 Rab8 19. Rab1 Qc7 20. Ne2 Rb7 21. Nd4 Rc8 22. Be2 Nd3 23. a3 Qd7 24. Qd2 Rxb2 25. Qxa5 Bxd4 26. Bxd4 Rxe2 27. Qxa6 Qg4 28. Kg1 Rc2 29. Rf1 Rf8 30. Qa7 Qxe4 31. Rb8 Ne5 32. Rxf8+ Kxf8 33. Qa8+ Kg7 34. Bxe5+ Qxe5 35. a4 Rd2 36. Rc1 Qe2 37. Rf1 c3 38. Qc6 Qd3 39. Kg2 Qxd5+ 40. Qxd5 Rxd5 41. Rc1 Rc5 42. Kf1 d5 43. Ke2 d4 44. Kd3 e5 45. f4 f6 46. Rc2 Kf7 47. fxe5 fxe5 48. Rc1 Ke6 49. Ra1 Kd5 50. a5 e4+ 51. Kc2 d3+ 52. Kd1 e3 53. a6 c2+ 0-1

[Event "360 One Wealth GP-3 2024"]
[Site "Mumbai"]
[Date "2024.02.09"]
[Round "5.6"]
[White "Ishaan A Tendolkar"]
[Black "Arnav Ashish Thatte"]
[Result "1/2-1/2"]
[ECO "E11"]
[WhiteElo "1451"]
[BlackElo "1280"]
[Annotator "NA RC"]
[PlyCount "153"]
[EventDate "2024.02.04"]
[EventType "swiss"]
[EventCountry "IND"]
[SourceTitle "playchess.com"]
[Source "ChessBase"]
[SourceQuality "1"]
[TimeControl "5400+30"]

1. d4 Nf6 2. c4 e6 3. Nf3 Bb4+ 4. Bd2 Qe7 5. g3 Nc6 6. Bg2 Bxd2+ 7. Nbxd2 O-O 8. O-O d6 9. e4 e5 10. d5 Nb8 11. Ne1 a5 12. a4 Na6 13. Nd3 Bg4 14. Qe1 Nd7 15. Nb3 b6 16. f3 Bh5 17. Bh3 Bg6 18. Bxd7 Qxd7 19. Nd2 f5 20. Qe2 Rae8 21. Rfb1 Rf6 22. b4 axb4 23. a5 bxa5 24. Rxa5 Nb8 25. Rxb4 fxe4 26. Nxe4 Bxe4 27. fxe4 Ref8 28. Rb1 c6 29. Kg2 cxd5 30. cxd5 Qc7 31. Ra2 Qc4 32. Rc2 Qd4 33. Rb4 Qa7 34. Ra2 Qf7 35. Ra8 Qc7 36. Qb2 Nd7 37. Rxf8+ Nxf8 38. Qe2 Nd7 39. Rb2 h6 40. Qc2 Qxc2+ 41. Rxc2 Kf7 42. Rc7 Ke8 43. Nf2 Rf7 44. Rc8+ Ke7 45. Ng4 Nf6 46. Rc7+ Ke8 47. Nxf6+ gxf6 48. Rc8+ Kd7 49. Ra8 Ke7 50. Rh8 f5 51. exf5 Rxf5 52. Rh7+ Rf7 53. Rxh6 Rf8 54. Re6+ Kd7 55. Rh6 Ke7 56. Rh7+ Ke8 57. h4 Rf6 58. h5 e4 59. Ra7 Kf8 60. Ra4 Rf5 61. Rxe4 Rxh5 62. Rd4 Kg7 63. Kf3 Kf6 64. Ke4 Re5+ 65. Kd3 Rg5 66. Kc4 Rxg3 67. Re4 Kf5 68. Re1 Rg8 69. Kb5 Rc8 70. Kb6 Rc5 71. Re8 Rxd5 72. Kc6 Rd1 73. Rd8 Ke5 74. Re8+ Kf5 75. Rd8 d5 76. Rxd5+ Rxd5 77. Kxd5 1/2-1/2

[Event "360 One Wealth GP-3 2024"]
[Site "Mumbai"]
[Date "2024.02.09"]
[Round "5.7"]
[White "Pawar Sohum"]
[Black "Palaash Suyog Mapara"]
[Result "1-0"]
[ECO "B11"]
[WhiteElo "1442"]
[BlackElo "1165"]
[Annotator "NA RC"]
[PlyCount "97"]
[EventDate "2024.02.04"]
[EventType "swiss"]
[EventCountry "IND"]
[SourceTitle "playchess.com"]
[Source "ChessBase"]
[SourceQuality "1"]
[TimeControl "5400+30"]

1. e4 c6 2. Nf3 d5 3. Nc3 dxe4 4. Nxe4 Nf6 5. Qe2 Nxe4 6. Qxe4 Nd7 7. Bc4 Nf6 8. Ne5 e6 9. Qe2 Bd6 10. d4 Qc7 11. O-O a6 12. Bf4 b5 13. Bd3 h6 14. Rfe1 Nd5 15. Bd2 Nf6 16. a4 b4 17. c4 a5 18. f4 Bb7 19. f5 O-O-O 20. fxe6 fxe6 21. Nf3 Rhe8 22. Bg6 Re7 23. g3 c5 24. dxc5 Bxg3 25. Red1 Ng4 26. Be4 Qxc5+ 27. Kg2 Qf2+ 28. Qxf2 Bxf2 29. Bxb7+ Kxb7 30. h3 Ne3+ 31. Kxf2 Nxd1+ 32. Rxd1 Rc7 33. b3 Rd3 34. Ne5 Rxb3 35. Be3 Rb2+ 36. Kf3 Rb3 37. Ke4 Ra3 38. Rd6 Rxa4 39. Rxe6 b3 40. Rb6+ Kc8 41. Rxb3 Rcxc4+ 42. Nxc4 Rxc4+ 43. Bd4 Rc7 44. Rc3 Rxc3 45. Bxc3 g5 46. Kf5 Kd7 47. Bxa5 Ke7 48. Kg6 Ke6 49. Bc3 1-0

[Event "360 One Wealth GP-3 2024"]
[Site "Mumbai"]
[Date "2024.02.09"]
[Round "5.8"]
[White "Shreyas G Kaushik"]
[Black "Muthe Dhruv"]
[Result "0-1"]
[ECO "B90"]
[WhiteElo "1416"]
[BlackElo "1169"]
[Annotator "NA RC"]
[PlyCount "84"]
[EventDate "2024.02.04"]
[EventType "swiss"]
[EventCountry "IND"]
[SourceTitle "playchess.com"]
[Source "ChessBase"]
[SourceQuality "1"]
[TimeControl "5400+30"]

1. e4 c5 2. Nf3 d6 3. d4 cxd4 4. Nxd4 Nf6 5. Nc3 a6 6. f3 e5 7. Nb3 Be6 8. Be3 h5 9. Qd2 Be7 10. Nd5 Nxd5 11. exd5 Bf5 12. c4 b6 13. a4 a5 14. Nc1 Na6 15. Na2 Nc5 16. Bxc5 bxc5 17. Bd3 Bg5 18. Qc2 Bxd3 19. Qxd3 Rb8 20. b3 O-O 21. Rb1 Qe7 22. O-O f5 23. Nc3 Rf6 24. Nb5 e4 25. Qe2 Rh6 26. Rbe1 Re8 27. Qc2 Bf6 28. Qd2 e3 29. Qxa5 Bd4 30. Re2 f4 31. Qb6 Qe5 32. a5 Rg6 33. a6 h4 34. a7 h3 35. Qc6 Rxg2+ 36. Kh1 Rxe2 37. a8=Q Rxa8 38. Qxa8+ Kh7 39. Qd8 Qh5 40. Qa5 Qg5 41. Rg1 Rg2 42. Qe1 Rxg1+ 0-1

[Event "360 One Wealth GP-3 2024"]
[Site "Mumbai"]
[Date "2024.02.09"]
[Round "5.9"]
[White "Gogri Vedaant"]
[Black "Sunil, Vaidya"]
[Result "0-1"]
[ECO "A15"]
[WhiteElo "1229"]
[BlackElo "1402"]
[Annotator "NA RC"]
[PlyCount "84"]
[EventDate "2024.02.04"]
[EventType "swiss"]
[EventCountry "IND"]
[SourceTitle "playchess.com"]
[Source "ChessBase"]
[SourceQuality "1"]
[TimeControl "5400+30"]

1. c4 c6 2. g3 Nf6 3. Bg2 g6 4. b3 Bg7 5. Bb2 O-O 6. Nf3 d6 7. O-O e5 8. d4 e4 9. Nfd2 e3 10. Ne4 exf2+ 11. Nxf2 h5 12. e4 Ng4 13. Nxg4 Bxg4 14. Bf3 Bh3 15. Bg2 Bg4 16. Bf3 Be6 17. Nc3 Nd7 18. d5 Bh3 19. Bg2 Qb6+ 20. Kh1 Bxg2+ 21. Kxg2 Rae8 22. Qd2 Qd4 23. Qxd4 Bxd4 24. Rae1 c5 25. Re2 a6 26. Ba1 Re7 27. Bb2 Rfe8 28. Kf3 Ne5+ 29. Kg2 Nd3 30. Ba1 Kg7 31. Kf3 Ne5+ 32. Kg2 Nd7 33. Kf3 g5 34. h3 Kg6 35. Rfe1 Ne5+ 36. Kg2 g4 37. Rf1 Nf3 38. e5 Rxe5 39. Rxe5 Rxe5 40. h4 Re3 41. Na4 Re2+ 42. Kh1 Rh2# 0-1

[Event "360 One Wealth GP-3 2024"]
[Site "Mumbai"]
[Date "2024.02.09"]
[Round "5.11"]
[White "Iyer Vivek"]
[Black "Patel Shubh"]
[Result "1-0"]
[ECO "E00"]
[WhiteElo "1359"]
[BlackElo "1083"]
[Annotator "NA RC"]
[PlyCount "49"]
[EventDate "2024.02.04"]
[EventType "swiss"]
[EventCountry "IND"]
[SourceTitle "playchess.com"]
[Source "ChessBase"]
[SourceQuality "1"]
[TimeControl "5400+30"]

1. c4 e6 2. Nc3 Nf6 3. a3 d5 4. d4 Be7 5. g3 b6 6. Bg2 Bb7 7. e3 Nbd7 8. Nge2 O-O 9. O-O c6 10. cxd5 cxd5 11. Nf4 Ne4 12. Nxe4 dxe4 13. d5 e5 14. Ne2 Nc5 15. b4 Na6 16. Bxe4 f5 17. Bg2 e4 18. Nf4 Qd6 19. Bb2 Nc7 20. Nh5 g6 21. Qd4 Bf6 22. Nxf6+ Rxf6 23. Qxf6 Qxf6 24. Bxf6 Nxd5 25. Bd4 1-0

[Event "360 One Wealth GP-3 2024"]
[Site "Mumbai"]
[Date "2024.02.09"]
[Round "5.12"]
[White "Miranka Trishad"]
[Black "Shaurya Kaushal Shah"]
[Result "1-0"]
[ECO "C04"]
[WhiteElo "1341"]
[BlackElo "1063"]
[Annotator "NA RC"]
[PlyCount "81"]
[EventDate "2024.02.04"]
[EventType "swiss"]
[EventCountry "IND"]
[SourceTitle "playchess.com"]
[Source "ChessBase"]
[SourceQuality "1"]
[TimeControl "5400+30"]

1. e4 e6 2. d4 d5 3. Nd2 Nc6 4. Ngf3 Nf6 5. e5 Nd7 6. c4 Nb6 7. c5 Nd7 8. Bb5 f6 9. Qe2 a6 10. Ba4 Kf7 11. O-O f5 12. Re1 Be7 13. h3 Nf8 14. Nh2 Nxd4 15. Qd3 Bxc5 16. b4 Ba7 17. g4 Qh4 18. Bb2 Nc6 19. Re2 Kg8 20. gxf5 Qg5+ 21. Kh1 Qxf5 22. Qc3 d4 23. Qc4 Rb8 24. Bc2 Qh5 25. Ne4 Nxe5 26. Qxc7 Qxe2 27. Rg1 Neg6 28. Ng4 Qf3+ 29. Kh2 Qf4+ 30. Qxf4 h5 31. Nef6+ gxf6 32. Qxf6 hxg4 33. Rxg4 e5 34. Bxg6 Rxh3+ 35. Kxh3 Bxg4+ 36. Kxg4 Nxg6 37. Qxg6+ Kf8 38. b5 axb5 39. Ba3+ b4 40. Bxb4+ Bc5 41. Bxc5# 1-0

[Event "360 One Wealth GP-3 2024"]
[Site "Mumbai"]
[Date "2024.02.09"]
[Round "5.15"]
[White "Tanmay Sanjay More"]
[Black "Yuti Mayur Patel"]
[Result "1-0"]
[ECO "C29"]
[WhiteElo "1156"]
[BlackElo "1426"]
[Annotator "NA RC"]
[PlyCount "57"]
[EventDate "2024.02.04"]
[EventType "swiss"]
[EventCountry "IND"]
[SourceTitle "playchess.com"]
[Source "ChessBase"]
[SourceQuality "1"]
[TimeControl "5400+30"]

1. e4 e5 2. Nc3 Nf6 3. f4 d5 4. fxe5 Nxe4 5. Qf3 Nxc3 6. bxc3 Be7 7. d4 O-O 8. Bd3 c5 9. Ne2 Nc6 10. O-O Be6 11. Be3 Qd7 12. Ng3 cxd4 13. cxd4 Nb4 14. Bd2 Nxd3 15. Qxd3 Rac8 16. Nh5 g6 17. Nf6+ Bxf6 18. exf6 Bf5 19. Qe3 Qe6 20. Qg5 h6 21. Qh4 Rxc2 22. Rae1 Qb6 23. Rxf5 Rxd2 24. Qxh6 Qxd4+ 25. Kh1 Qxf6 26. Rxf6 Rxa2 27. Rf3 Ra6 28. Rh3 g5 29. Qh7# 1-0

[Event "360 One Wealth GP-3 2024"]
[Site "Mumbai"]
[Date "2024.02.09"]
[Round "6.1"]
[White "Mishra Sanjeev"]
[Black "Arnav Mahesh Koli"]
[Result "1-0"]
[ECO "B07"]
[WhiteElo "1683"]
[BlackElo "1755"]
[Annotator "NA RC"]
[PlyCount "73"]
[EventDate "2024.02.04"]
[EventType "swiss"]
[EventCountry "IND"]
[SourceTitle "playchess.com"]
[Source "ChessBase"]
[SourceQuality "1"]
[TimeControl "5400+30"]

1. d4 Nf6 2. Bf4 d6 3. Nc3 g6 4. e4 Bg7 5. Qd2 O-O 6. Bh6 c6 7. f3 b5 8. Bxg7 Kxg7 9. Bd3 a5 10. Nge2 Nbd7 11. g4 Nb6 12. g5 Ne8 13. h4 b4 14. Nd1 c5 15. Ne3 Qc7 16. b3 cxd4 17. Nxd4 Qc5 18. Ne2 Nc7 19. c3 Ne6 20. cxb4 axb4 21. Qb2+ f6 22. Ng4 Qa5 23. gxf6+ exf6 24. h5 gxh5 25. Ne3 Ng5 26. f4 Nf3+ 27. Kf2 Bg4 28. e5 Qa7 29. exf6+ Rxf6 30. Kg3 Qd7 31. Nd4 h4+ 32. Rxh4 Nxh4 33. Nxg4 Nd5 34. Rh1 Nc3 35. Rxh4 Rg6 36. Bxg6 hxg6 37. Rh7+ 1-0

[Event "360 One Wealth GP-3 2024"]
[Site "Mumbai"]
[Date "2024.02.09"]
[Round "6.2"]
[White "Kulkarni, Vikramaditya"]
[Black "Kherdekar Arnav"]
[Result "1-0"]
[ECO "B33"]
[WhiteElo "2193"]
[BlackElo "1693"]
[Annotator "NA RC"]
[PlyCount "91"]
[EventDate "2024.02.04"]
[EventType "swiss"]
[EventCountry "IND"]
[SourceTitle "playchess.com"]
[Source "ChessBase"]
[SourceQuality "1"]
[TimeControl "5400+30"]

1. e4 c5 2. Nf3 Nc6 3. d4 cxd4 4. Nxd4 Nf6 5. Nc3 e5 6. Nf5 d5 7. exd5 Bxf5 8. dxc6 Qxd1+ 9. Nxd1 bxc6 10. Ne3 Bg6 11. h4 Bc5 12. Be2 Nd5 13. h5 Be4 14. Rh4 f5 15. f3 Nxe3 16. Bxe3 Be7 17. Rh3 Bxc2 18. Rc1 Ba4 19. f4 e4 20. Bd4 Rd8 21. Bxg7 Rg8 22. h6 Bb4+ 23. Kf1 Bd6 24. g3 Bb5 25. Bxb5 cxb5 26. Rh5 Bf8 27. Rc7 Bxg7 28. Rg5 Rd6 29. hxg7 Rd7 30. Rc8+ Rd8 31. Rc7 Rd7 32. Rc8+ Rd8 33. Rc5 Rd7 34. Rxb5 Rgxg7 35. Rb8+ Kf7 36. Rxf5+ Ke6 37. Re5+ Kd6 38. Rxe4 Rxg3 39. Rd4+ Kc7 40. Rxd7+ Kxb8 41. Kf2 Rh3 42. f5 Rh2+ 43. Ke3 Rxb2 44. f6 Kc8 45. Rxa7 Rb6 46. f7 1-0